 Dungeon Crawl Stone Soup version 0.28-a0-1199-gef9e1dbd39 (webtiles) character file.

Game seed: 10520011399399843258

779 sanka the Slasher (level 7, -4/55 HPs)
             Began as a Palentonga Abyssal Knight on Dec 19, 2021.
             Was an Elder of Lugonu.
             Slain by Prince Ribbit (15 damage)
             ... on level 4 of the Dungeon.
             The game lasted 00:10:09 (6363 turns).

sanka the Slasher (Palentonga Abyssal Knight)       Turns: 6363, Time: 00:10:09

Health: -4/55      AC: 13    Str: 23    XL:     7   Next: 54%
Magic:  3/3        EV:  9    Int: 10    God:    Lugonu [****..]
Gold:   40         SH:  0    Dex: 10    Spells: 6/6 levels left

rFire   . . .      SeeInvis +   a - +9 scimitar of Havoc {antimagic, rN+ Str+4}
rCold   + . .      Faith    .   (no shield)
rNeg    + . .      Spirit   .   y - +2 robe {rC+}
rPois   .          Reflect  .   (no helmet)
rElec   .          Harm     .   (no cloak)
rCorr   .          Rampage  .   (no gloves)
Will    .....                   (no barding)
Stlth   +.........              (no amulet)
HPRegen 0.18/turn               (no ring)
MPRegen 0.08/turn               (no ring)

@: curled up
A: large, rugged brown scales 3, see invisible, deformed body, roll 1, armoured
tail, reflexive curl
a: Rolling Charge, Renounce Religion, Depart the Abyss, Bend Space, Banish,
Corrupt


You were on level 4 of the Dungeon.
You worshipped Lugonu.
Lugonu was greatly pleased with you.
You visited 1 branch of the dungeon, and saw 5 of its levels.
You visited the Abyss 1 time.
You also visited: Ossuary.

You collected 211 gold pieces.
You spent 171 gold pieces at shops.


Innate Abilities, Weirdness & Mutations

You are completely covered in rugged brown scales. (AC +3, +7% HP)
You have supernaturally acute eyesight. (SInv)
Armour fits poorly on your strangely shaped body.
You can roll at nearby foes to attack.
You have a long armoured tail.
You curl defensively after being hit. (AC +7*)


   Skills:
 - Level 3.0 Fighting
 + Level 7.7 Long Blades
 - Level 1.5 Armour
 - Level 0.7 Dodging
 - Level 4.2 Invocations
 + Level 1.3 Evocations


You had 6 spell levels left.
You didn't know any spells.
Your spell library contained the following spells:

 Spells                   Type           Power      Damage    Failure   Level
 Beastly Appendage        Tmut           0%         N/A       36%         1
 Wereblood                Tmut           0%         N/A       50%         2
 Spider Form              Tmut/Pois      0%         N/A       75%         3
 Summon Guardian Golem    Hex/Summ       0%         N/A       75%         3
 Orb of Destruction       Conj           0%         N/A       100%        7
 Spellforged Servitor     Conj/Summ      0%         N/A       100%        7

Inventory:

Hand Weapons
 a - the +9 scimitar of Havoc (weapon) {antimagic, rN+ Str+4}

   It reduces the magical energy of the wielder, and disrupts the spells and
   magical abilities of those it strikes.
   Natural abilities and divine invocations are not affected.
   Str:       It affects your strength (+4).
   rN:        It protects you from negative energy.
 x - a +2 short sword of venom
Armour
 b - a +0 helmet
 y - a +2 robe of cold resistance (worn)
Wands
 j - a wand of paralysis (7) (quivered)
Scrolls
 e - 5 scrolls of identify {unknown}
 h - a scroll of enchant weapon {unknown}
 i - 3 scrolls of fog {unknown}
 k - a scroll of brand weapon {unknown}
 l - 4 scrolls of teleportation {@r4}
 n - a scroll of vulnerability {!r}
 p - a scroll of magic mapping {unknown}
 w - a scroll of noise {unknown}
Potions
 c - 2 potions of mutation {unknown}
 d - 2 potions of lignification {unknown}
 f - a potion of might {unknown}
 g - a potion of berserk rage {unknown}
 m - 2 potions of ambrosia {unknown}
 o - 3 potions of flight {unknown}
 q - a potion of heal wounds {unknown}
 r - a potion of haste {unknown}
 s - 2 potions of curing {unknown}
 t - a potion of cancellation {unknown}
 u - a potion of invisibility {unknown}

Dungeon Overview and Level Annotations

Branches:
Dungeon (5/15)            Ossuary (visited)
 Temple: D:4-7

Altars:
Xom

Shops:
D:2 (

Annotations:
D:2 Sigmund
D:4 Prince Ribbit

▒.(.▒ ▒.......▒▒
▒▒...▒ ▒......▒▒
▒....▒ ▒▒......▒
.....▒▒▒▒▒.......▒
......▒▒.........▒▒
....<.............▒▒▒
....................▒
▒▒...............†.▒▒
▒▒.......).....HF▒▒
▒[..............▒
▒▒...............▒▒
▒....▒.....)...▒..▒
▒▒..▒▒.▒▒.....▒▒▒▒▒▒
▒.>.▒.8.▒.....▒
....▒▒.▒▒....▒▒
.▒....▒..▒...▒▒
▒▒▒▒▒...▒..▒..▒


You could see Prince Ribbit.


Message History

Prince Ribbit's magic leaks into the air.
Your tail-slap misses Prince Ribbit.
Prince Ribbit is heavily wounded.
Prince Ribbit hits you!
You miss Prince Ribbit.
Prince Ribbit is heavily wounded.
Prince Ribbit hits you but does no damage.
Prince Ribbit hits you!
* * * LOW HITPOINT WARNING * * *
You closely miss Prince Ribbit.
Prince Ribbit is heavily wounded.
Prince Ribbit hits you!
* * * LOW HITPOINT WARNING * * *
Aiming: Paralyse
Aim: Prince Ribbit (heavily wounded, chance to affect: 32%) Prince Ribbit easily resists.
Prince Ribbit barely misses you. Prince Ribbit barely misses you.
Aiming: Paralyse
Aim: Prince Ribbit (heavily wounded, chance to affect: 32%) Prince Ribbit easily resists.
Prince Ribbit falters for a moment.
Okay, then.
Use which ability? (? or * to list)
You don't have enough magic capacity.
Aiming: Paralyse
Aim: Prince Ribbit (heavily wounded, chance to affect: 32%) Prince Ribbit easily resists.
Prince Ribbit hits you!
You die...

Action                   |  1- 3 |  4- 6 |  7- 9 || total
-------------------------+-------+-------+-------++-------
Melee: Falchion          |   107 |   187 |       ||   294
       Tailslap          |    14 |    17 |     2 ||    33
       Scimitar          |       |     8 |    18 ||    26
 Abil: Rolling Charge    |       |     6 |     1 ||     7
Evoke: Wand              |     1 |       |     3 ||     4
  Use: Scroll            |       |     2 |       ||     2
 Stab: Paralysed         |     2 |       |       ||     2
Armor: Leather armour    |    41 |    42 |       ||    83
       Robe              |       |       |     6 ||     6
Dodge: Dodged            |    60 |    59 |    11 ||   130

Levels and vault maps discovered:
D:1:      mushboom_english_gardens, layout_loops_ring
D:2:      layout_basic, serial_shops, shop,
          hellmonk_ecumenical_altar_inner_sanctum, minmay_split_cup_small,
          uniq_sigmund
D:3:      layout_loops_corners, minmay_hedge_maze, serial_bayou_ford_a,
          nicolae_figureground_sparkle
D:4:      layout_layer_cave, amcnicky_altar_gilded, nicolae_ossuary_entry_plus,
          grunt_decor_one_mirror, uniq_duvessa, uniq_edmund
D:5:      layout_basic, temple_pool_b, uniq_prince_ribbit1, uniq_menkaure

Notes
Turn   | Place    | Note
-------+----------+-------------------------------------------
     0 | Abyss:1  | sanka the Palentonga Abyssal Knight began the quest for the
                  | Orb.
     0 | Abyss:1  | Reached XP level 1. HP: 19/19 MP: 2/2
    44 | D:1      | Escaped the Abyss
   352 | D:1      | Reached XP level 2. HP: 25/25 MP: 3/3
   374 | D:1      | Reached skill level 3 in Long Blades
   685 | D:1      | Reached ** piety under Lugonu
   991 | D:2      | Reached XP level 3. HP: 31/31 MP: 4/4
  1011 | D:2      | Found Eblatt's Antique Weapon Shoppe.
  1195 | D:2      | Noticed Sigmund
  1564 | D:2      | Reached skill level 4 in Long Blades
  1777 | D:2      | Found a faded altar of an unknown god.
  2208 | D:3      | Noticed a bullfrog
  2214 | D:3      | Killed a bullfrog
  2215 | D:3      | Reached skill level 5 in Long Blades
  2215 | D:3      | Reached XP level 4. HP: 37/37 MP: 5/5
  2537 | D:3      | Reached XP level 5. HP: 40/43 MP: 6/6
  3229 | D:4      | Reached *** piety under Lugonu
  3252 | D:4      | Found a shimmering altar of Xom.
  3444 | D:4      | Found a sand-covered staircase.
  3535 | Ossuary  | Entered an ossuary
  3684 | Ossuary  | Reached skill level 6 in Long Blades
  4182 | Ossuary  | Reached skill level 3 in Invocations
  4182 | Ossuary  | Reached XP level 6. HP: 50/50 MP: 8/8
  5024 | Ossuary  | Reached skill level 4 in Invocations
  5407 | D:2      | Bought a dazzling scimitar for 171 gold pieces
  5407 | D:2      | Identified the +9 scimitar of Havoc {antimagic, rN+ Str+4}
                  | (You bought it in a shop on level 2 of the Dungeon)
  5544 | D:4      | Noticed Duvessa
  5546 | D:4      | Noticed Dowan
  5548 | D:4      | Killed Duvessa
  5548 | D:4      | Reached **** piety under Lugonu
  5551 | D:4      | Killed Dowan
  5552 | D:4      | Gained mutation: You curl defensively after being hit. (AC
                  | +7*) [Palentonga growth]
  5552 | D:4      | Reached XP level 7. HP: 14/55 MP: 3/10
  5552 | D:4      | Noticed Edmund
  5829 | D:4      | Killed Edmund
  5830 | D:4      | Reached skill level 7 in Long Blades
  6203 | D:5      | Entered Level 5 of the Dungeon
  6204 | D:5      | Noticed Prince Ribbit
  6206 | D:5      | Reached skill level 1 in Evocations
  6363 | D:4      | Slain by Prince Ribbit

Vanquished Creatures
  Edmund (D:4)
  Duvessa (D:4)
  An ogre (D:5)
  A bullfrog (D:3)
  Dowan (D:4)
  2 hounds (D:4)
  An iguana (D:4)
  12 mummies (Ossuary)
  4 adders
  An ufetubus (D:4)
  A worm (D:2)
  2 dart slugs
  8 bats
  5 endoplasms
  A giant cockroach (D:2)
  5 goblins
  6 hobgoblins
  2 jackals (D:1)
  4 kobolds
  3 quokkas
  11 ball pythons
  2 frilled lizards (D:1)
  3 gnoll skeletons (Ossuary)
  A goblin skeleton (Ossuary)
  2 kobold skeletons (Ossuary)
  2 orc skeletons (Ossuary)
  10 rats
  11 rat skeletons (Ossuary)
104 creatures vanquished.
